Map: 2000 Atmospheres LE

Players

StinkyBell

  • Race: Zerg Zerg
  • League: Master
  • Spawn Location: 3:00

kwerty - Winner!

  • Race: Terran Terran
  • League: Platinum
  • Spawn Location: 7:00

VOD

Have the link to the VOD?

Description

test 123123321321

Time

  • Played on: Jan. 3, 2023, 12:36 p.m.
  • Length: 7:28
Show
View Real Time Build Order
Export as new Build Order

StinkyBell Zerg 

Build Orders: Pool First 

Get SALT Encoding   

  12  0:08  Overlord  
  12  0:16  Drone  
  12  0:17  Drone  
  14  0:38  Spawning Pool  
  14  0:41  Drone  
  15  0:42  Drone  
  15  0:46  Drone  
  16  1:13  Hatchery  
  15  1:24  Drone  
  15  1:25  Drone x2  
  18  1:36  Extractor  
  17  1:40  Zergling x2  
  18  1:48  Zergling x2  
  19  2:04  Zergling x2  
  20  2:22  Drone  
  21  2:23  Drone  
  21  2:25  Queen  
  21  2:26  Queen  
  21  2:28  Zergling x2  
  21  2:29  Hatchery  
  26  2:41  Drone x2  
  26  2:44  Overlord  
  28  2:48  Extractor  
  28  2:49  Extractor  
  26  3:05  Zergling x4  
  26  3:06  Zergling x2  
  26  3:11  Drone x2  
  30  3:33  Zergling x8  
  34  3:41  Lair  
  34  3:42  Drone  
  34  3:43  Drone x5  
  40  4:06  Drone  
  40  4:07  Overlord  
  41  4:16  Overlord x2  
  41  4:25  Queen  
  41  4:27  Drone  
  41  4:28  Drone x3  
  41  4:29  Drone x2  
  49  4:53  Drone x4  
  49  4:54  Drone x2  
  55  5:25  Spire  
  53  5:32  Drone  
  54  5:43  Drone x6  
  54  5:44  Overlord x2, Roach Warren  
  54  5:45  Overlord  
  59  5:54  Queen  
  59  5:56  Queen  
  63  6:17  Drone x3  
  67  6:32  Drone  
  67  6:33  Drone x5  
  72  6:43  Overlord  
  72  6:49  Queen  
  72  6:50  Queen  
  76  6:54  Overlord  
  76  7:03  Mutalisk x5  
  76  7:04  Mutalisk  
Show
View Real Time Build Order
Export as new Build Order

kwerty Terran - Winner!

Build Orders: 2 Factory, Command Center First, Mech 

Get SALT Encoding   

  12  0:00  SCV  
  13  0:12  SCV  
  14  0:17  Supply Depot  
  14  0:25  SCV  
  15  0:42  SCV  
  16  0:54  SCV  
  17  1:04  Command Center  
  17  1:06  SCV  
  18  1:18  SCV  
  18  1:22  Barracks  
  19  1:30  SCV  
  19  1:32  Refinery  
  20  1:36  Refinery  
  20  1:42  SCV  
  21  1:54  SCV  
  23  2:15  Orbital Command  
  22  2:16  Marine  
  22  2:22  Orbital Command  
  23  2:38  Orbital Command  
  23  2:41  Bunker  
  23  2:45  SCV, Supply Depot  
  23  2:49  Barracks Reactor  
  24  2:55  Supply Depot  
  22  3:07  SCV  
  23  3:14  SCV  
  23  3:19  Factory  
  23  3:20  Factory  
  23  3:27  Marine x2  
  24  3:44  SCV  
  24  3:45  Marine x2, SCV  
  28  3:57  SCV  
  30  4:05  Factory Reactor  
  30  4:08  Factory Tech Lab, Factory  
  30  4:09  Marine x2, Factory  
  31  4:13  SCV  
  31  4:25  SCV  
  31  4:27  Marine x2  
  34  4:36  Siege Tank  
  37  4:40  Armory  
  37  4:45  Marine x2  
  39  4:53  SCV  
  39  4:55  Factory Tech Lab  
  39  4:57  Factory Reactor  
  40  5:02  Orbital Command, Marine  
  40  5:03  Marine  
  40  5:04  Hellion, Widow Mine  
  40  5:05  SCV  
  47  5:28  Siege Tank  
  50  5:30  Hellion x2  
  54  5:40  Bunker  
  54  5:51  Marine x2, Widow Mine, SCV  
  54  5:52  Widow Mine  
  54  5:53  Supply Depot  
  54  5:55  SCV  
  62  6:10  Engineering Bay  
  62  6:14  Marine, SCV x2  
  62  6:15  Hellion, Widow Mine  
  62  6:16  Marine  
  70  6:34  Supply Depot  
  70  6:38  Supply Depot  
  70  6:49  Supply Depot  
  70  6:51  Missile Turret  
  70  6:53  Missile Turret  
  70  6:56  Siege Tank, Widow Mine x2, SCV  
  70  6:59  Marine x2, Widow Mine, Hellion, SCV  
  85  7:02  Supply Depot  
  85  7:07  Supply Depot  
  85  7:11  SCV  
Tags
 
Add a new tag
Caveats
  • Supply blocks, unpowered buildings, or Contaminate may cause inaccurate times.
  • Supply counts are checked every 10 seconds.